 Dungeon Crawl Stone Soup version 0.17.0-26-gececa24 (webtiles) character file.

376712 Christof the Hoplite (level 22, -6/203 HPs)
             Began as a Minotaur Fighter on Nov 15, 2015.
             Was the Champion of Okawaru.
             Killed from afar by an ancient lich (46 damage)
             ... with a shard of ice
             ... on level 5 of the Vaults on Nov 19, 2015.
             The game lasted 05:54:51 (69936 turns).

Christof the Hoplite (Minotaur Fighter)            Turns: 69936, Time: 05:54:51

Health: -6/203     AC: 51    Str: 34    XL:     22   Next: 10%
Magic:  26/28      EV: 15    Int: 15    God:    Okawaru [******]
Gold:   1893       SH: 29    Dex: 13    Spells: 0 memorised, 21 levels left

rFire  . . .     SeeInvis +     U - +1 demon whip (elec)
rCold  + + .     Clarity  .     G - +13 crystal plate armour "Yheud" {rC+ Int+4}
rNeg   + + .     SustAt   .     w - +0 large shield {rN+}
rPois  +         Gourm    .     (helmet restricted)
rElec  .         Spirit   .     c - +2 cloak of the Skies Above {rCorr Str+6 Dex-3}
rCorr  +         Warding  .     O - -3 pair of gloves of the Komtur {Int+3 Dex+6}
rMut   .         Stasis   .     W - +4 pair of boots of Slovenliness {rC+ rN+ rCorr Stlth-}
MR     +....                    l - amulet of faith
Stlth  ..........               H - ring of see invisible
                                m - ring "Ceas" {rPois EV+1 Slay+3}

@: heroism, finesse, marked, somewhat resistant to hostile enchantments,
extremely unstealthy
A: retaliatory headbutt, horns 2, wild magic 1
a: Heroism, Finesse, Renounce Religion
}: 1/15 runes: gossamer


You were on level 5 of the Vaults.
You worshipped Okawaru.
Okawaru was exalted by your worship.
You were hungry.

You visited 9 branches of the dungeon, and saw 41 of its levels.
You visited the Abyss 1 time.
You also visited: Ice Cave.

You collected 3479 gold pieces.
You spent 1586 gold pieces at shops.

Inventory:

Hand Weapons
 C - a +3 mace of holy wrath
 D - a +1 great mace of holy wrath
 K - a +1 morningstar of draining
 P - a +1 flail of holy wrath
 R - a +2 flail of crushing
 U - a +1 demon whip of electrocution (weapon)
Missiles
 J - 7 tomahawks of returning
 N - 28 tomahawks (quivered)
Armour
 c - the +2 cloak of the Skies Above (worn) {rCorr Str+6 Dex-3}
   (Okawaru gifted it to you on level 6 of the Lair of Beasts)

   It affects your strength (+6).
   It affects your dexterity (-3).
   It protects you from acid and corrosion.
 h - a +0 shield
 s - the +0 cloak "Iseumau" {MR+}
   (Okawaru gifted it to you on level 4 of the Vaults)

   It affects your resistance to hostile enchantments.
 w - a +0 large shield of positive energy (worn)
 A - a +1 cloak
 E - the +0 cloak "Wugeidats" {Stlth+}
   (You found it on level 2 of the Elven Halls)

   It makes you more stealthy.
 F - a +2 large shield
 G - the +13 crystal plate armour "Yheud" (worn) {rC+ Int+4}
   (You acquired it on level 1 of the Elven Halls)

   It affects your intelligence (+4).
   It protects you from cold.
 I - a +2 ring mail of fire resistance
 O - the -3 pair of gloves of the Komtur (worn) {Int+3 Dex+6}
   (Okawaru gifted it to you on level 2 of the Elven Halls)

   It affects your intelligence (+3).
   It affects your dexterity (+6).
 Q - the +0 chain mail "Meolin" {Dex+2, unknown}
   (Okawaru gifted it to you on level 4 of the Vaults)

   It affects your dexterity (+2).
 W - the +4 pair of boots of Slovenliness (worn) {rC+ rN+ rCorr Stlth-}
   (Okawaru gifted it to you on level 10 of the Dungeon)

   It protects you from cold.
   It protects you from negative energy.
   It protects you from acid and corrosion.
   It makes you less stealthy.
Jewellery
 i - a +5 ring of evasion
 j - an uncursed ring of sustain attributes
 l - an amulet of faith (around neck)
 m - the ring "Ceas" (left hand) {rPois EV+1 Slay+3}
   (You found it on level 1 of the Abyss)

   [ring of evasion]

   It affects your evasion (+1).
   It affects your accuracy and damage with ranged weapons and melee attacks
   (+3).
   It protects you from poison.
 H - a ring of see invisible (right hand)
 M - the amulet "Xiompux" {Inacc Dex+7, unknown}
   (You found it on level 5 of the Vaults)

   [amulet of inaccuracy]

   It reduces the accuracy of all your attacks.
   It affects your dexterity (+7).
Wands
 q - a wand of magic darts (20)
Scrolls
 b - 5 scrolls of identify
 f - 10 scrolls of remove curse
 g - 2 scrolls of enchant armour
 k - 5 scrolls of magic mapping
 r - a scroll of blinking
 y - 4 scrolls of fear
 B - a scroll of silence
 S - 4 scrolls of teleportation
 Z - a scroll of recharging
Potions
 d - a potion of might
 e - a potion of heal wounds
 p - 8 potions of curing
 t - a potion of berserk rage
 u - a potion of cure mutation
 x - 3 potions of haste
Comestibles
 a - 14 beef jerkies
 n - 2 bread rations
 o - a royal jelly
 v - 13 chunks of flesh
 z - a meat ration
 L - a fruit


   Skills:
 * Level 18.5(23.5) Fighting
 * Level 23.2(27) Maces & Flails
 + Level 18.7(23.7) Armour
 + Level 6.9(11.9) Dodging
 * Level 23.5(27) Shields
 + Level 10.2 Invocations


You had 21 spell levels left.
You didn't know any spells.

Dungeon Overview and Level Annotations

Branches:
Dungeon (15/15)            Temple (1/1) D:4            Lair (8/8) D:11
  Swamp (1/4) Lair:5       Spider (4/4) Lair:6        Slime (0/6) Lair:8
    Orc (4/4) D:10            Elf (2/3) Orc:3        Vaults (5/5) D:14
  Crypt (0/3) Vaults:3     Depths (1/5) D:15

Altars:
Ashenzari
Cheibriados
Dithmenos
Elyvilon
Fedhas
Gozag
Kikubaaqudgha
Makhleb
Nemelex Xobeh
Okawaru
Qazlal
Ru
Sif Muna
Trog
Vehumet
Xom
Yredelemnul
Zin
The Shining One
Beogh

Shops:
D:8 :**[   D:12 %   D:13 :   Orc:4 ?[%!   Elf:1 %   Vaults:1 ?

Portals:
Hell: Depths:1
Trove: Vaults:2 (give 14 scrolls of teleportation)

Annotations:
D:6 2 runed doors
Spider:2 exclusion: Roxanne, Roxanne
Vaults:2 exclusion: obsidian statue
Depths:1 Asterion


Innate Abilities, Weirdness & Mutations

You reflexively headbutt those who attack you in melee.
You have a pair of horns on your head.
Your spells are a little harder to cast, but a little more powerful.


Message History

A freezing wraith comes into view.
A deep elf high priest comes into view. It is wielding a long sword.
A stone giant comes into view.
A deep elf priest comes into view.
It is wielding a quarterstaff of crushing.
The deep elf high priest prays to its god.
The stone giant throws a large rock.
The large rock completely misses you.
A stone giant comes into view.
You see here a large rock.
The stone giant throws a large rock.
You block the large rock.
A tentacled monstrosity comes into view.
You see here a large rock.
The stone giant throws a large rock.
You block the large rock. The ancient lich casts a spell at you.
The bolt of acid misses you.
The deep elf high priest utters an invocation to its god.
You see here a large rock.
The sun demon disappears in a puff of smoke!
The ancient lich points at you and mumbles some strange words.
The shard of ice hits you! You partially resist.
You die...

#e4.4.# #### #.....## ...#
#e....### ...# #..x....####...#
.# #.*Q....D......# .#
##4C(####)......# .# #W(###
###)....# .# ##L## ##....#
##....# ###@.# #)...# ##....#
####.C.## ##...# ##....#
###......# .. #...#
#....###........# .c.#...#
##....##....o...## ...#...#
##(...##........# #......#
[#....#........## #......#
.............### #.!.....
..[.....#######################.(


You could see a titan, an ancient lich, a stone giant, a tengu reaver, a
hellwing, a freezing wraith, a small abomination and an orc.

Vanquished Creatures
  The ghost of Mandevil the Phalangite, a legendary FoAE of Cheibriados (Vaults:4)
  An ancient lich (Vaults:4)
  2 golden dragons (Vaults:4)
  Nikola (Orc:3)
  Arachne (Spider:2)
  2 tentacled monstrosities (Vaults:5)
  A deep elf blademaster (Elf:2)
  A quicksilver dragon (Vaults:4)
  A tentacled starspawn (Abyss:1)
  6 sphinxes
  Agnes (Spider:2)
  Frances (Spider:2)
  Kirke (Lair:6)
  2 shadow dragons
  4 tengu reavers
  8 vault wardens
  2 frost giants
  Maud (Orc:4)
  2 fire giants
  A deep elf sorcerer (Elf:2)
  5 ghost moths (Spider:4)
  2 orc warlords
  6 emperor scorpions
  13 ironheart preservers
  A very ugly thing (Vaults:5)
  8 stone giants
  Nessos (Orc:3)
  A deep elf demonologist (Elf:2)
  2 salamander stormcallers
  The ghost of trantor the Severer, a journeyman MiFi of Okawaru (D:11)
  30 vault guards
  3 ettins
  A deep elf death mage (Vaults:5)
  Josephine (D:11)
  6 fire dragons
  5 yaktaur captains
  A great orb of eyes (Vaults:3)
  A rakshasa (D:14)
  Fannar (D:11)
  3 deep elf high priests
  2 entropy weavers
  2 ice dragons
  8 hydras
  Erolcha (Orc:3)
  8 ogre magi
  17 centaur warriors
  17 dancing weapons
  A deep troll shaman (Vaults:2)
  A queen ant (Lair:8)
  2 deep troll earth magi
  The ghost of profreshinal the Grappler, a journeyman VSTm of Gozag (D:12)
  6 orc high priests
  Nergalle (D:11)
  2 wretched stars (Abyss:1)
  2 shadow wraiths
  3 fire crabs
  4 skeletal warriors
  An anaconda zombie (Abyss:1)
  20 deep elf knights
  An iron troll (D:15)
  9 deep trolls
  2 wizards
  A giant orange brain (shapeshifter) (D:13)
  3 giant orange brains
  A phantasmal warrior (Vaults:4)
  A flayed ghost (Vaults:1)
  22 deep elf conjurers
  4 hill giants
  8 deep elf summoners
  13 ironbrand convokers
  16 orb spiders
  24 orc knights
  10 orc sorcerers
  3 necromancers
  6 griffons
  A hornet (shapeshifter) (Vaults:3)
  29 wolf spiders
  25 ugly things
  4 hornets
  2 harpies
  A cyclops (shapeshifter) (Vaults:3)
  7 cyclopes
  2 manticores
  A manticore (shapeshifter) (Elf:2)
  A sixfirhy (Abyss:1)
  A wolf spider (shapeshifter) (D:13)
  7 black mambas
  12 elephants
  Maurice (D:8)
  A moth of wrath (Spider:1)
  A human skeleton (Vaults:4)
  Joseph (D:7)
  An eye of devastation (Lair:8)
  An orange demon (Abyss:1)
  A torpor snail (Spider:1)
  A naga mage (D:15)
  2 frost giant skeletons
  Psyche (D:9)
  16 vault sentinels
  12 spiny frogs
  A black mamba (shapeshifter) (Elf:1)
  8 centaur skeletons
  A yaktaur zombie (Vaults:3)
  A kobold demonologist (Vaults:3)
  A guardian serpent (D:14)
  A gargoyle (D:6)
  2 human zombies
  30 yaktaurs
  A fire drake (shapeshifter) (Vaults:4)
  6 large abominations (Abyss:1)
  11 komodo dragons
  3 ancient zymes (Abyss:1)
  3 tengu conjurers
  A polar bear (Lair:7)
  7 demonic crawlers
  3 fire drakes
  11 blink frogs
  A hellwing (Abyss:1)
  A yaktaur skeleton (Vaults:3)
  26 jumping spiders
  4 boulder beetles
  23 deep elf priests
  4 raiju (Abyss:1)
  2 freezing wraiths (Vaults:3)
  8 trolls
  Prince Ribbit (D:7)
  20 two-headed ogres
  A hornet zombie (D:15)
  2 slime creatures
  An air elemental (Abyss:1)
  3 flying skulls
  31 redbacks
  An ice dragon skeleton (Abyss:1)
  12 trapdoor spiders
  42 yaks
  3 shadows
  A redback (shapeshifter) (D:14)
  A water elemental (D:13)
  2 wyverns
  3 ynoxinuls (Abyss:1)
  37 deep elf magi
  20 tarantellas
  4 small abominations
  A wyvern (shapeshifter) (Vaults:2)
  3 hungry ghosts
  9 wraiths
  A chaos spawn (Abyss:1)
  28 vampire mosquitoes
  43 deep elf fighters
  5 steam dragons (Lair:8)
  Grum (D:7)
  A basilisk (shapeshifter) (Vaults:2)
  A human simulacrum (Vaults:3)
  A mottled dragon (D:15)
  4 basilisks
  4 neqoxecs (Abyss:1)
  11 hippogriffs
  A naga (shapeshifter) (Vaults:4)
  13 soldier ants (Lair:8)
  15 water moccasins
  Edmund (D:5)
  13 wolves
  2 insubstantial wisps (Lair:6)
  A deep troll zombie (Vaults:3)
  12 porcupines
  7 wargs
  2 hogs (Lair:6)
  A yaktaur simulacrum (Vaults:1)
  2 sky beasts
  39 spiders
  13 ice beasts
  A black bear (D:7)
  A phantom (D:7)
  5 necrophages
  75 orc warriors
  3 eyes of draining
  11 boggarts
  5 wasps
  38 centaurs
  2 swamp drakes (Lair:8)
  2 big kobolds
  48 ogres
  A brain worm (D:14)
  13 crocodiles
  33 giant frogs
  An earth elemental (Abyss:1)
  A wyvern zombie (D:13)
  4 scorpions
  6 wights
  8 electric eels
  9 centaur zombies
  An elf simulacrum (Vaults:4)
  11 crimson imps
  4 jellies
  3 giant frog zombies
  18 iguanas
  4 giant frog skeletons (D:10)
  6 hounds
  34 orc wizards
  2 quasits
  A gnoll shaman (D:7)
  39 orc priests
  7 hell rats (Lair:4)
  44 worker ants
  A killer bee zombie (D:10)
  37 sheep
  A hound zombie (D:5)
  4 worker ant zombies (D:10)
  A hound skeleton (D:10)
  12 adders
  6 gnolls (D:7)
  50 river rats
  5 shadow imps
  8 white imps
  5 ufetubi
  2 oozes
  4 adder skeletons
  An adder zombie (D:8)
  A worm (D:2)
  8 giant geckos
  276 orcs
  3 ball pythons
  2 giant cockroaches
  5 goblins
  6 hobgoblins
  5 jackals
  13 kobolds
  4 quokkas
  5 bats
  3 giant gecko skeletons
  4 giant newts
  A jackal zombie (D:7)
  A quokka zombie (D:9)
  9 rats
  4 crawling corpses (Elf:1)
1995 creatures vanquished.

Vanquished Creatures (others)
  A vault warden (Vaults:3)
  A necromancer (Vaults:3)
  A deep elf mage (Elf:1)
  An orc wizard (Orc:3)
  A hound (D:14)
  A river rat (Lair:8)
  A white imp (IceCv)
  4 ufetubi (IceCv)
  17 fungi
  A lurking horror (Abyss:1)
  11 plants
  2 starspawn tentacles (Abyss:1)
  18 starspawn tentacle segments (Abyss:1)
60 creatures vanquished.

Grand Total: 2055 creatures vanquished

Notes
Turn   | Place    | Note
--------------------------------------------------------------
     0 | D:1      | Christof the Minotaur Fighter began the quest for the Orb.
     0 | D:1      | Reached XP level 1. HP: 19/19 MP: 0/0
   190 | D:1      | Reached skill level 4 in Armour
   190 | D:1      | Reached XP level 2. HP: 27/27 MP: 1/1
   986 | D:2      | Reached XP level 3. HP: 31/33 MP: 2/2
  1803 | D:3      | Reached skill level 5 in Armour
  1803 | D:3      | Reached XP level 4. HP: 37/41 MP: 3/3
  2449 | D:3      | Found an iron altar of Okawaru.
  2450 | D:3      | Found a snail-covered altar of Cheibriados.
  2455 | D:3      | Became a worshipper of Warmaster Okawaru
  2628 | D:4      | Reached XP level 5. HP: 37/47 MP: 4/4
  3068 | D:4      | Reached skill level 6 in Armour
  3078 | D:4      | Found a shadowy altar of Dithmenos.
  3471 | D:4      | Reached XP level 6. HP: 51/55 MP: 5/5
  3611 | D:4      | Found a staircase to the Ecumenical Temple.
  3620 | Temple   | Entered the Ecumenical Temple
  3741 | D:5      | Entered Level 5 of the Dungeon
  3792 | D:5      | Noticed Edmund
  3827 | D:5      | Killed Edmund
  3827 | D:5      | Reached * piety under Okawaru
  3827 | D:5      | Reached skill level 5 in Fighting
  3827 | D:5      | Reached skill level 5 in Maces & Flails
  4002 | D:5      | Reached skill level 7 in Armour
  4002 | D:5      | Reached XP level 7. HP: 47/61 MP: 6/6
  4094 | D:5      | Found a burning altar of Makhleb.
  4097 | D:5      | Noticed a cacodemon
  4099 | D:5      | Found a glowing silver altar of Zin.
  4099 | D:5      | Noticed an angel
  4658 | D:5      | Reached ** piety under Okawaru
  4961 | D:5      | Found a deep blue altar of Sif Muna.
  5066 | D:5      | Reached skill level 8 in Armour
  5752 | D:6      | Reached XP level 8. HP: 65/69 MP: 7/7
  6067 | D:6      | Found a large runed door.
  6067 | D:6      | Found a large runed door.
  6082 | D:6      | Noticed a gargoyle
  6083 | D:6      | Found a large runed door.
  6083 | D:6      | Found a large runed door.
  6093 | D:6      | Killed a gargoyle
  6093 | D:6      | Reached skill level 9 in Armour
  6093 | D:6      | Reached skill level 5 in Shields
  6495 | D:6      | Reached *** piety under Okawaru
  6495 | D:6      | Reached skill level 10 in Armour
  6698 | D:6      | Reached XP level 9. HP: 70/75 MP: 8/8
  7137 | D:7      | Noticed Prince Ribbit
  7152 | D:7      | Killed Prince Ribbit
  7569 | D:7      | Reached **** piety under Okawaru
  7592 | D:7      | Reached skill level 11 in Armour
  7860 | D:7      | Noticed Joseph
  7904 | D:7      | Reached skill level 10 in Maces & Flails
  7932 | D:7      | Killed Joseph
  8005 | D:7      | Found a sparkling altar of Nemelex Xobeh.
  8006 | D:7      | Found a deep blue altar of Sif Muna.
  8108 | D:8      | Noticed Grum
  8224 | D:7      | Killed Grum
  8224 | D:7      | Reached XP level 10. HP: 66/86 MP: 9/9
  8232 | D:7      | Reached ***** piety under Okawaru
  8390 | D:8      | Found Tewacar's General Store.
  8392 | D:8      | Found Pinkuett's General Store.
  8557 | D:8      | Found Zepo Nud's Book Shop.
  8686 | D:8      | Noticed Maurice
  8701 | D:8      | Killed Maurice
  8951 | D:8      | Found Cuabadgh's Armour Boutique.
  9586 | D:9      | Noticed a green ugly thing
  9642 | D:8      | Killed a green ugly thing
 10035 | D:9      | Reached skill level 12 in Armour
 10709 | D:9      | Noticed Psyche
 10726 | D:9      | Killed Psyche
 10782 | D:10     | Entered Level 10 of the Dungeon
 10816 | D:10     | Received a gift from Okawaru
 11138 | D:10     | Found a staircase to the Orcish Mines.
 11356 | D:10     | Noticed a necromancer
 11372 | D:10     | Reached XP level 11. HP: 44/94 MP: 8/10
 11843 | D:10     | Killed a necromancer
 11843 | D:10     | Reached skill level 13 in Armour
 11860 | D:10     | Received a gift from Okawaru
 11903 | D:10     | Got a pair of ancient boots {god gift}
 11909 | D:10     | Identified the +4 pair of boots of Slovenliness {rC+ rN+ rCorr Stlth-} (Okawaru gifted it to you on level 10 of the Dungeon)
 12084 | D:10     | Noticed a hill giant
 12096 | D:10     | Killed a hill giant
 12399 | D:11     | Noticed Fannar
 12401 | D:11     | Noticed Nergalle
 12403 | D:11     | Noticed a seven-headed hydra
 12531 | D:11     | Noticed Josephine
 12562 | D:10     | HP: 4/95 [seven-headed hydra (3)]
 12564 | D:10     | Killed a seven-headed hydra
 12904 | Orc:1    | Entered Level 1 of the Orcish Mines
 13423 | Orc:1    | Found a roughly hewn altar of Beogh.
 14324 | Orc:3    | Noticed Nessos
 14805 | Orc:3    | Killed Nessos
 15002 | Orc:3    | Noticed an orc high priest
 15006 | Orc:3    | Noticed a soul eater
 15009 | Orc:3    | Reached skill level 10 in Shields
 15029 | Orc:3    | Noticed an ice devil
 15045 | Orc:3    | Killed an orc high priest
 15232 | Orc:3    | Found a staircase to the Elven Halls.
 15298 | Orc:2    | Reached XP level 12. HP: 91/104 MP: 11/11
 16069 | Orc:3    | Noticed an orc warlord
 16490 | Orc:2    | Killed an orc warlord
 16490 | Orc:2    | Received a gift from Okawaru
 16490 | Orc:2    | Reached skill level 14 in Maces & Flails
 16490 | Orc:2    | Reached skill level 1 in Invocations
 17090 | Orc:3    | Noticed Erolcha
 17094 | Orc:3    | Found a roughly hewn altar of Beogh.
 17097 | Orc:3    | Killed Erolcha
 17099 | Orc:3    | Noticed an orc high priest
 17155 | Orc:3    | Killed an orc high priest
 18625 | D:11     | Killed Nergalle
 18906 | D:11     | Killed Fannar
 18998 | D:11     | Killed Josephine
 18998 | D:11     | Reached skill level 15 in Maces & Flails
 19063 | D:11     | Noticed trantor's ghost (journeyman MiFi)
 19326 | D:11     | Killed trantor's ghost
 19506 | D:11     | Found a staircase to the Lair.
 19511 | Lair:1   | Entered Level 1 of the Lair of Beasts
 19847 | Lair:1   | Reached skill level 10 in Fighting
 20065 | Lair:1   | Noticed a centaur warrior
 20078 | Lair:1   | Killed a centaur warrior
 20078 | Lair:1   | Reached XP level 13. HP: 98/113 MP: 13/13
 20760 | D:11     | Reached skill level 15 in Armour
 21049 | D:12     | Found Viliud's Food Shoppe.
 21148 | D:12     | Received a gift from Okawaru
 21316 | D:12     | Noticed profreshinal's ghost (journeyman VSTm)
 21333 | D:12     | Killed profreshinal's ghost
 21366 | D:12     | Found a stormy altar of Qazlal.
 22078 | Lair:2   | Reached skill level 16 in Maces & Flails
 22324 | Lair:2   | Found a frozen archway.
 22450 | IceCv    | Entered an ice cave
 24742 | Lair:3   | Received a gift from Okawaru
 24745 | Lair:3   | Got a pair of pitted gloves {god gift}
 24780 | Lair:3   | Identified the +2 pair of gloves of the Eternal Void {Int+2} (Okawaru gifted it to you on level 3 of the Lair of Beasts)
 26539 | Lair:4   | Reached XP level 14. HP: 122/122 MP: 15/15
 27073 | Lair:5   | Found a staircase to the Swamp.
 27887 | Lair:5   | Reached skill level 17 in Maces & Flails
 27956 | Swamp:1  | Entered Level 1 of the Swamp
 28889 | Lair:6   | Found a hole to the Spider Nest.
 29311 | Lair:6   | Noticed Kirke
 29314 | Lair:6   | Noticed a sphinx
 29326 | Lair:6   | Killed Kirke
 29326 | Lair:6   | Received a gift from Okawaru
 29326 | Lair:6   | Received a gift from Okawaru
 29326 | Lair:6   | Reached skill level 5 in Invocations
 29464 | Spider:1 | Entered Level 1 of the Spider Nest
 29466 | Spider:1 | Noticed an emperor scorpion
 31115 | Lair:8   | Entered Level 8 of the Lair of Beasts
 31147 | Lair:8   | Found a staircase to the Slime Pits.
 31607 | Lair:1   | Gained mutation: You are robust (+10% HP). [potion of beneficial mutation]
 31737 | Elf:1    | Entered Level 1 of the Elven Halls
 31748 | Orc:4    | Entered Level 4 of the Orcish Mines
 32132 | Orc:4    | Found a roughly hewn altar of Beogh.
 32193 | Orc:4    | Paralysed by an orc sorcerer for 3 turns
 32205 | Orc:4    | Reached skill level 15 in Shields
 32230 | Orc:4    | Received a gift from Okawaru
 32416 | Orc:4    | Noticed Maud
 32417 | Orc:4    | Found Erae's Food Boutique.
 32555 | Orc:4    | Identified a +1 pair of boots of running (Okawaru gifted it to you on level 4 of the Orcish Mines)
 32583 | Orc:4    | Cast into the Abyss (Maud)
 32607 | Abyss:1  | Noticed a balrug
 32685 | Abyss:1  | Got a sparkling wooden ring
 32934 | Abyss:1  | Gained mutation: Your flesh is heat resistant. [a neqoxec]
 32941 | Abyss:1  | Lost mutation: You are robust (+10% HP). [a neqoxec]
 32945 | Abyss:1  | Reached skill level 1 in Dodging
 32969 | Abyss:1  | HP: 5/124 [starcursed mass/accursed screaming (12)]
 32975 | Abyss:1  | HP: 4/124 [thrashing horror (9)]
 33815 | Abyss:1  | Reached XP level 15. HP: 65/132 MP: 16/16
 33957 | Abyss:1  | Gained mutation: You can breathe flames. [a neqoxec]
 33960 | Abyss:1  | Gained mutation: You expend magic power (3 MP) to strengthen your wands. [a neqoxec]
 34158 | Abyss:1  | Noticed a tentacled starspawn
 34175 | Abyss:1  | Killed a tentacled starspawn
 34222 | Abyss:1  | Reached skill level 18 in Maces & Flails
 34272 | Abyss:1  | Found a corrupted altar of Lugonu.
 34275 | Abyss:1  | Found a corrupted altar of Lugonu.
 34332 | Orc:4    | Escaped the Abyss
 34383 | Orc:4    | Killed Maud
 35087 | Orc:4    | Identified the ring "Ceas" {rPois EV+1 Slay+3} (You found it on level 1 of the Abyss)
 35328 | Orc:4    | Noticed an orc warlord
 35559 | Orc:4    | Killed an orc warlord
 35603 | Orc:4    | Found Ina Noy's Magic Scroll Shoppe.
 35671 | Orc:4    | Reached ****** piety under Okawaru
 36256 | Orc:4    | Found a roughly hewn altar of Beogh.
 36424 | Orc:4    | Found Aluczipn's Armour Emporium.
 36429 | Orc:4    | Received a gift from Okawaru
 36447 | Orc:4    | Got a pair of spiked boots {god gift}
 36476 | Orc:4    | Bought a shadow dragon hide for 980 gold pieces
 36509 | Orc:4    | Identified the -2 pair of boots of Yrphy {rPois Str+8 Int-3} (Okawaru gifted it to you on level 4 of the Orcish Mines)
 37104 | Orc:4    | Found Efaod's Distillery.
 37916 | D:13     | Found Eclo's Book Emporium.
 39045 | D:14     | Found a gate to the Vaults.
 39069 | D:14     | Received a gift from Okawaru
 40354 | D:15     | Entered Level 15 of the Dungeon
 40830 | D:15     | Reached XP level 16. HP: 129/144 MP: 20/20
 41023 | D:15     | Paralysed by something for 4 turns
 41038 | D:15     | Received a gift from Okawaru
 41058 | D:15     | Reached skill level 5 in Dodging
 41262 | D:15     | Received a gift from Okawaru
 41367 | D:15     | Found a staircase to the Depths.
 41373 | Depths:1 | Entered Level 1 of the Depths
 44311 | Orc:3    | Reached skill level 19 in Maces & Flails
 44342 | Elf:1    | Found Nipe's Food Boutique.
 44464 | Elf:1    | Received a gift from Okawaru
 45916 | Elf:1    | Noticed Nikola
 46007 | Orc:3    | Killed Nikola
 46733 | Elf:1    | Received a gift from Okawaru
 47586 | Lair:6   | Reached XP level 17. HP: 132/154 MP: 22/22
 47670 | Lair:6   | Killed an emperor scorpion
 48997 | Elf:2    | Identified a scroll of acquirement
 49029 | Elf:1    | Got a warped crystal plate armour
 49040 | Elf:1    | Identified the +13 crystal plate armour "Yheud" {rC+ Int+4} (You acquired it on level 1 of the Elven Halls)
 49197 | Elf:2    | Found a runed gate.
 49219 | Elf:2    | Found a runed gate.
 49219 | Elf:2    | Found a runed gate.
 49266 | Elf:2    | Received a gift from Okawaru
 49269 | Elf:2    | Got a pair of fine gloves {god gift}
 49354 | Elf:2    | Identified the -3 pair of gloves of the Komtur {Int+3 Dex+6} (Okawaru gifted it to you on level 2 of the Elven Halls)
 49507 | Elf:2    | HP: 7/154 [lajatang of venom (14)]
 49512 | Elf:2    | HP: 1/154 [lajatang of venom (14)]
 50160 | Elf:2    | Reached skill level 15 in Fighting
 51522 | Elf:2    | Got a crude cloak
 51540 | Elf:2    | Identified the +0 cloak "Wugeidats" {Stlth+} (You found it on level 2 of the Elven Halls)
 52033 | Depths:1 | Found a gateway to Hell.
 52244 | Depths:1 | Lost mutation: You expend magic power (3 MP) to strengthen your wands. [potion of cure mutation]
 52244 | Depths:1 | Lost mutation: You can breathe flames. [potion of cure mutation]
 52244 | Depths:1 | Lost mutation: Your flesh is heat resistant. [potion of cure mutation]
 52253 | Depths:1 | Paralysed by a wizard for 4 turns
 52257 | Depths:1 | Upgraded the game from 0.17.0-24-gcfadda4 to 0.17.0-26-gececa24
 52584 | D:15     | Gained mutation: Your spells are a little harder to cast, but a little more powerful. [potion of beneficial mutation]
 52724 | Depths:1 | Noticed Asterion
 52775 | D:15     | HP: 5/156 [iron troll (9)]
 53603 | Lair:6   | Received a gift from Okawaru
 53607 | Lair:6   | Got a jewelled cloak {god gift}
 53622 | Lair:6   | Identified the +2 cloak of the Skies Above {rCorr Str+6 Dex-3} (Okawaru gifted it to you on level 6 of the Lair of Beasts)
 54552 | Spider:2 | Reached XP level 18. HP: 165/165 MP: 24/24
 54579 | Spider:2 | Reached skill level 10 in Invocations
 54584 | Spider:2 | Noticed Agnes
 54598 | Spider:2 | Killed Agnes
 54626 | Spider:2 | Noticed Arachne
 54644 | Spider:2 | Killed Arachne
 54919 | Spider:2 | Noticed Roxanne
 55285 | Spider:2 | Noticed Frances
 55298 | Spider:2 | Killed Frances
 57009 | Spider:4 | Entered Level 4 of the Spider Nest
 57068 | Spider:4 | Reached skill level 20 in Maces & Flails
 58129 | Spider:4 | Received a gift from Okawaru
 59335 | Spider:4 | Got a gossamer rune of Zot
 59709 | Vaults:1 | Entered Level 1 of the Vaults
 59722 | Vaults:1 | Found Obreobb's Magic Scroll Emporium.
 59731 | Vaults:1 | Bought a scroll of teleportation for 36 gold pieces
 59731 | Vaults:1 | Bought a scroll of brand weapon for 240 gold pieces
 59731 | Vaults:1 | Bought a scroll of enchant armour for 90 gold pieces
 59731 | Vaults:1 | Bought a scroll of brand weapon for 240 gold pieces
 59922 | Vaults:1 | Received a gift from Okawaru
 60168 | Vaults:1 | Received a gift from Okawaru
 60548 | Vaults:1 | Reached XP level 19. HP: 174/174 MP: 25/25
 61185 | Vaults:1 | Received a gift from Okawaru
 61668 | Vaults:2 | Received a gift from Okawaru
 61974 | Vaults:2 | Reached skill level 21 in Maces & Flails
 62537 | Vaults:2 | Paralysed by an orc sorcerer for 2 turns
 62548 | Vaults:2 | Paralysed by an orc sorcerer for 6 turns
 62597 | Vaults:2 | Received a gift from Okawaru
 62689 | Vaults:2 | Reached XP level 20. HP: 180/184 MP: 26/26
 63056 | Vaults:2 | Received a gift from Okawaru
 63148 | Vaults:2 | Found a portal to a secret trove of treasure.
 65376 | Vaults:3 | Paralysed by a great orb of eyes for 2 turns
 65616 | Vaults:3 | Reached skill level 22 in Maces & Flails
 65639 | Vaults:3 | Reached XP level 21. HP: 115/192 MP: 27/27
 65961 | Vaults:3 | Found a staircase to the Crypt.
 66838 | Vaults:4 | Received a gift from Okawaru
 66841 | Vaults:4 | Got a spiked cloak {god gift}
 66852 | Vaults:4 | Identified the +0 cloak "Iseumau" {MR+} (Okawaru gifted it to you on level 4 of the Vaults)
 67022 | Vaults:4 | Noticed Mandevil's ghost (legendary FoAE)
 67078 | Vaults:4 | Killed Mandevil's ghost
 68294 | Vaults:5 | Entered Level 5 of the Vaults
 68314 | Vaults:4 | Received a gift from Okawaru
 68550 | Vaults:5 | Noticed an ancient lich
 68920 | Vaults:4 | Received a gift from Okawaru
 68948 | Vaults:4 | Reached skill level 23 in Shields
 68996 | Vaults:4 | Killed an ancient lich
 69723 | Vaults:4 | Reached XP level 22. HP: 203/203 MP: 28/28
 69781 | Vaults:5 | Got a scorched zirconium amulet
 69815 | Vaults:4 | Received a gift from Okawaru
 69823 | Vaults:4 | Got an encrusted chain mail {god gift}
 69908 | Vaults:5 | Noticed an ancient lich
 69936 | Vaults:5 | Killed from afar by an ancient lich

Action                   |  1- 3 |  4- 6 |  7- 9 | 10-12 | 13-15 | 16-18 | 19-21 | 22-24 || total
-------------------------+-------+-------+-------+-------+-------+-------+-------+-------++-------
Melee: Flail             |   115 |   146 |   313 |   850 |  2815 |  1210 |    59 |       ||  5508
       Mace              |       |       |       |   549 |       |       |       |       ||   549
       Morningstar       |       |       |       |       |       |  1124 |       |       ||  1124
       Unarmed           |       |       |       |       |       |     8 |       |       ||     8
       Demon whip        |       |       |       |       |       |       |  1580 |    84 ||  1664
Throw: Tomahawk          |       |       |       |       |     4 |       |       |       ||     4
Invok: Heroism           |       |       |     1 |     6 |     4 |     3 |       |     1 ||    15
       Finesse           |       |       |       |     3 |     4 |     2 |       |     1 ||    10
  Use: Scroll            |       |    12 |     9 |    12 |    13 |     8 |     5 |       ||    59
       Potion            |       |       |       |     3 |     3 |     7 |     1 |     1 ||    15
 Stab: Distracted        |       |       |       |       |       |       |     1 |       ||     1
  Eat: Chunk             |     3 |     7 |    14 |    39 |    62 |    51 |    28 |       ||   204
       Fruit             |       |       |     1 |     3 |     4 |    12 |     1 |       ||    21
       Bread ration      |       |       |       |       |     1 |     1 |       |       ||     2
       Royal jelly       |       |       |       |       |     1 |       |       |       ||     1
       Beef jerky        |       |       |       |       |       |       |     1 |       ||     1
